 Dungeon Crawl Stone Soup version 0.30-a0-394-g3e4acdb0ae (webtiles) character file.

Game seed: 17502070513120603939

16684 ragingrage the Carver (level 12, 0/94 HPs)
             Began as an Armataur Chaos Knight on Dec 6, 2022.
             Was a Plaything of Xom.
             Slain by a cane toad (14 damage)
             ... on level 10 of the Dungeon.
             The game lasted 00:22:15 (15226 turns).

ragingrage the Carver (Armataur Chaos Knight)      Turns: 15226, Time: 00:22:16

Health: 0/94       AC: 13    Str: 13 (14) XL:     12   Next: 12%
Magic:  0/12       EV: 10    Int:  8 (11) God:    Xom [......]
Gold:   786        SH:  4    Dex: 20      Spells: 9/11 levels left

rFire   + . .      SeeInvis +    N - +1 scimitar (freeze)
rCold   . . .      Faith    .    K - +0 buckler
rNeg    . . .      Spirit   +    H - +6 ring mail of Zeassaps {Will+ Stlth+}
rPois   .          Reflect  .    (helmet restricted)
rElec   .          Harm     .    (no cloak)
rCorr   .          Roll     +    A - +0 pair of gloves
Will    ++...      Clarity  +    (no barding)
Stlth   ++++......               n - amulet of guardian spirit
HPRegen 0.35/turn                l - +6 ring of dexterity
MPRegen 0.13/turn                k - ring of see invisible

@: lethally poisoned (0 -> -31), slowed, unable to drink, very slow
A: large, rugged brown scales 3, deformed body, armoured tail, roll, long
tongue, awkward tongue, horns 1, clarity, deterioration 1, dopey 1, fire
resistance 1, frail 1, strong-willed 1, weak 2, inability to drink after injury
1
a: Renounce Religion


You were on level 10 of the Dungeon.
You worshipped Xom.
You were a very special plaything of Xom.
You visited 2 branches of the dungeon, and saw 12 of its levels.
You also visited: Sewer.

You collected 786 gold pieces.

Inventory:

Hand Weapons
 b - a +0 sling
 c - a +1 falchion of holy wrath
 m - a +1 dagger of draining
 N - a +1 scimitar of freezing (weapon)
 U - a +2 shortbow of freezing
Missiles
 t - 46 poisoned darts
 u - 2 throwing nets
 C - 12 curare-tipped darts
 I - 4 boomerangs
Armour
 A - a +0 pair of gloves (worn)
 H - the +6 ring mail of Zeassaps (worn) {Will+ Stlth+}
   (You found it on level 5 of the Dungeon)

   Will:      It increases your willpower.
   Stlth:     It makes you more stealthy.
 K - a +0 buckler (worn)
Jewellery
 e - a +6 ring of strength
 k - a ring of see invisible (right hand)
 l - a +6 ring of dexterity (left hand)
 n - an amulet of guardian spirit (around neck)
 G - a +6 ring of intelligence
 L - a ring of flight
Wands
 E - a wand of iceblast (11)
 J - a wand of mindburst (5)
 O - a wand of polymorph (8)
 Q - a wand of paralysis (10)
Scrolls
 a - 2 scrolls of magic mapping {unknown}
 d - 3 scrolls of butterflies
 f - 2 scrolls of brand weapon
 i - 3 scrolls of blinking
 j - 4 scrolls of identify
 o - 2 scrolls of teleportation
 v - 2 scrolls of noise {unknown}
 x - 2 scrolls of enchant armour {unknown}
 y - 4 scrolls of poison
 B - 2 scrolls of enchant weapon {unknown}
 F - a scroll of torment {unknown}
 M - a scroll of immolation {unknown}
Potions
 g - 6 potions of curing
 p - 2 potions of magic
 q - 2 potions of haste
 r - 2 potions of flight
 s - a potion of cancellation
 w - 3 potions of heal wounds
 z - 2 potions of mutation
 D - a potion of might
 P - a potion of lignification {unknown}
 R - a potion of resistance {unknown}
 S - a potion of invisibility
Miscellaneous
 h - a piece from Xom's chessboard (15/15) (quivered)


   Skills:
 + Level 6.8 Fighting
 - Level 14.0 Long Blades
 + Level 5.0 Armour
 - Level 5.0 Dodging
 + Level 7.8 Stealth
 + Level 0.0 Shields
 - Level 1.2 Translocations
 - Level 5.0 Evocations


You had 9 spell levels left.
You knew the following spells:

 Your Spells              Type           Power      Damage    Failure   Level
a - Blink                 Tloc           4%         N/A       69%         2

Your spell library contained the following spells:

 Spells                   Type           Power      Damage    Failure   Level
 Static Discharge         Conj/Air       0%         2-2/arc   86%         2
 Ignite Poison            Fire/Tmut/Pois 0%         N/A       97%         3
 Inner Flame              Hex/Fire       0%         N/A       97%         3
 Mephitic Cloud           Conj/Pois/Air  0%         N/A       97%         3
 Stone Arrow              Conj/Erth      0%         3d7       97%         3
 Animate Armour           Summ/Erth      0%         N/A       100%        4
 Manifold Assault         Tloc           2%         N/A       100%        4
 Sticky Flame             Conj/Fire      0%         2d3       100%        4
 Storm Form               Tmut/Air       0%         N/A       100%        7
 Ignition                 Fire           0%         3d3       100%        8
 Lehudib's Crystal Spear  Conj/Erth      0%         10d2      100%        8
 Maxwell's Capacitive Co  Air            0%         ∞         100%        8


Dungeon Overview and Level Annotations

Branches:
Dungeon (11/15)            Temple (0/1) D:5            Lair (1/5) D:10
    Orc (0/2) D:11          Sewer (visited)

Altars:
Gozag
Hepliaklqana
Nemelex Xobeh
Wu Jian
Xom
Zin


Innate Abilities, Weirdness & Mutations

You are completely covered in rugged brown scales. (AC +3, +7% HP)
Armour fits poorly on your strangely shaped body.
You have a long armoured tail.
You roll when moving toward enemies. (Rampage)
Your long tongue fully drains potion bottles. (2x potion effects)
Your tongue gives you trouble enunciating. (1.5x scroll delay)
You have a pair of small horns on your head.
You possess an exceptional clarity of mind.
Your body sometimes deteriorates upon taking damage.
You are dopey. (Int -2)
Your flesh is heat resistant. (rF+)
You are frail. (-10% HP)
You are strong-willed. (Will+)
You are very weak. (Str -4)
You occasionally lose the ability to drink potions when taking damage.


Message History

Being near the torpor snail leaves you feeling lethargic.
The cane toad stings you but does no damage.
There is a staircase back to the Dungeon, spattered with blood here.
The cane toad stings you!
Your body deteriorates!
You feel dopey. The torpor snail bites you! You block the cane toad's attack.
You climb upwards.
Welcome back to the Dungeon!
There is a staircase to the Lair, spattered with blood here.
You hit the torpor snail but do no damage.
The torpor snail bites you! The cane toad stings you!
You are poisoned.
The cane toad poisons you!
Okay, then.
You hit the torpor snail but do no damage.
You feel very sick. The cane toad stings you!
The torpor snail bites you but does no damage.
You slash the torpor snail! You freeze the torpor snail.
You headbutt the torpor snail, but do no damage.
You tail-slap the torpor snail.
The torpor snail is moderately wounded.
You feel very sick. The cane toad stings you!
You block the torpor snail's attack. The cane toad stings you!
* * * LOW HITPOINT WARNING * * *
You are lethally poisoned!
The cane toad poisons you!
You hit the torpor snail but do no damage.
You headbutt the torpor snail.
The torpor snail is moderately wounded.
* * * LOW HITPOINT WARNING * * *
You feel extremely sick. "First here, now there."
You swap places with the plant.
Some monsters swap places.
The torpor snail looks rather confused.
The torpor snail looks rather more confused.
The cane toad stings you!
You feel threatened and lose the ability to drink potions!
You die...
Xom howls with laughter!

......# #...# #..# ......# #...#
#..# ......########...# #..#
.................########..######
.................................
...............P.................
.....................P...........
..............P.F................
................@..PPP...........
.............P..))...P...........
................#'##.P.P.........
............P...#wP#P.P..........
.............P..#.P#...P......<).
............P.P.####..P..........
.............P.P...............[.
..............P.P...P...........[
..............P..P...............


You could see a torpor snail (confused) and a cane toad.

Vanquished Creatures
  Snorg (D:11)
  Erolcha (D:9)
  A boulder beetle (D:11)
  An alligator (D:9)
  3 two-headed ogres
  A manticore (D:11)
  A deep elf pyromancer (D:11)
  3 cane toads (Lair:1)
  Psyche (D:10)
  A kobold demonologist (D:10)
  3 komodo dragons
  An unseen horror (D:9)
  2 trolls
  A hornet (D:7)
  A dream sheep (shapeshifter) (Sewer)
  18 yaks
  2 wraiths
  A golden eye (D:9)
  2 wyverns
  3 steam dragons
  An acid dragon (D:11)
  An ice beast (D:5)
  4 orc warriors
  A sky beast (D:8)
  2 black bears
  2 ogres
  6 centaurs
  A phantom (D:7)
  3 kobold brigands
  2 gnoll sergeants
  4 bullfrogs
  3 necrophages (D:6)
  4 scorpions
  14 wights
  10 killer bees
  4 howler monkeys
  2 hounds
  2 jellies (D:5)
  7 orc priests
  2 iguanas (D:6)
  A gnoll bouda (D:8)
  5 orc wizards
  23 gnolls
  4 adders
  4 river rats (Sewer)
  A shadow imp (D:7)
  2 white imps
  2 ufetubi (D:5)
  2 worms
  A dart slug (D:5)
  19 orcs
  3 bats (D:2)
  6 endoplasms
  4 giant cockroaches
  3 goblins
  4 hobgoblins
  3 jackals (D:3)
  8 quokkas
  6 ball pythons
  A frilled lizard (D:1)
  24 kobolds
  19 rats
268 creatures vanquished.

Vanquished Creatures (collateral kills)
  A river rat (Sewer)
  A kobold (Sewer)
  6 rats (Sewer)
8 creatures vanquished.

Vanquished Creatures (others)
  An adder (D:7)
  6 fungi (D:10)
  9 plants (D:10)
16 creatures vanquished.

Grand Total: 292 creatures vanquished

Notes
Turn   | Place    | Note
-------+----------+-------------------------------------------
     0 | D:1      | ragingrage the Armataur Chaos Knight began the quest for
                  | the Orb.
     0 | D:1      | Reached XP level 1. HP: 19/19 MP: 1/1
   209 | D:1      | Reached skill level 3 in Long Blades
   448 | D:1      | Reached XP level 2. HP: 26/26 MP: 2/2
   594 | D:1      | XOM: noise
   848 | D:2      | XOM: divination: detect items
   888 | D:2      | XOM: cast spell 'Alistair's Intoxication'
   941 | D:2      | Reached XP level 3. HP: 22/32 MP: 3/3
  1031 | D:2      | Found a faded altar of an unknown god.
  1113 | D:2      | XOM: silly message
  1131 | D:2      | Reached skill level 4 in Long Blades
  1628 | D:3      | XOM: noise
  1630 | D:3      | XOM: potion effect (heal wounds)
  1638 | D:3      | Reached XP level 4. HP: 28/39 MP: 2/4
  1790 | D:3      | Found a sparkling altar of Nemelex Xobeh.
  1890 | D:3      | Found a glowing drain.
  1910 | Sewer    | Entered a sewer
  2071 | Sewer    | XOM: 1-stop teleportation journey
  2092 | Sewer    | Reached skill level 5 in Long Blades
  2098 | Sewer    | HP: 1/39 [river rat (3)]
  2100 | Sewer    | XOM: confusion (+ monsters)
  2263 | Sewer    | Reached XP level 5. HP: 37/44 MP: 3/5
  2317 | Sewer    | an adder changed into a sky beast
  2317 | Sewer    | Noticed a sky beast
  2319 | Sewer    | a sky beast changed into a shapeshifter
  2319 | Sewer    | Noticed a shapeshifter (shapeshifter)
  2319 | Sewer    | a shapeshifter changed into a queen bee
  2319 | Sewer    | Noticed a queen bee (shapeshifter)
  2320 | Sewer    | XOM: summons friendly ufetubus
  2322 | Sewer    | a queen bee changed into a tarantella
  2322 | Sewer    | Noticed a tarantella (shapeshifter)
  2323 | Sewer    | a tarantella changed into a dream sheep
  2323 | Sewer    | Noticed a dream sheep (shapeshifter)
  2326 | Sewer    | Killed a dream sheep
  2327 | Sewer    | Reached skill level 6 in Long Blades
  2327 | Sewer    | Reached XP level 6. HP: 41/53 MP: 4/6
  2370 | Sewer    | XOM: 2-stop teleportation journey
  2418 | Sewer    | XOM: confusion (+ monsters)
  2435 | Sewer    | XOM: divination: detect creatures
  2591 | Sewer    | XOM: 2-stop teleportation journey
  3030 | Sewer    | XOM: give mutations
  3030 | Sewer    | Gained mutation: Your body sometimes deteriorates upon
                  | taking damage. [Xom's mischief]
  3030 | Sewer    | Gained mutation: You occasionally lose the ability to read
                  | scrolls when taking damage. [Xom's mischief]
  3030 | Sewer    | Gained mutation: You are dopey. (Int -2) [Xom's mischief]
  3030 | Sewer    | Lost mutation: Your body sometimes deteriorates upon taking
                  | damage. [Xom's mischief]
  3214 | D:3      | Reached skill level 7 in Long Blades
  3226 | D:3      | HP: 2/53 [gnoll/+0 halberd (4)]
  3447 | D:3      | XOM: silly message
  3495 | D:3      | XOM: divination: detect items
  3688 | D:3      | XOM: silly message
  3770 | D:4      | Reached XP level 7. HP: 41/59 MP: 4/7
  3969 | D:4      | XOM: god gift: robe {god gift}
  4230 | D:4      | Found an ornate altar of the Wu Jian Council.
  4365 | D:5      | Entered Level 5 of the Dungeon
  4438 | D:5      | Reached skill level 8 in Long Blades
  4461 | D:5      | Found a staircase to the Ecumenical Temple.
  4778 | D:5      | Got the Reference Book on Molten Fog
  4807 | D:5      | Found an opulent altar of Gozag.
  4811 | D:5      | Learned a level 2 spell: Blink
  4830 | D:5      | Identified the +6 ring mail of Zeassaps {Will+ Stlth+}
  5103 | D:5      | Reached skill level 1 in Translocations
  5241 | D:6      | XOM: 1-stop teleportation journey
  5245 | D:6      | XOM: smoke on damage
  5250 | D:6      | Reached skill level 9 in Long Blades
  5250 | D:6      | Reached XP level 8. HP: 43/66 MP: 6/8
  5403 | D:6      | Found a shimmering altar of Xom.
  5546 | D:6      | XOM: divination: detect items
  5742 | D:6      | XOM: noise
  5842 | D:6      | XOM: 2-stop teleportation journey
  6009 | D:6      | XOM: smoke on damage
  6011 | D:6      | Reached skill level 10 in Long Blades
  6333 | D:6      | XOM: noise
  6513 | D:6      | XOM: summons 1 hostile demon
  6664 | D:6      | XOM: noise
  6675 | D:6      | Reached skill level 11 in Long Blades
  6675 | D:6      | Reached XP level 9. HP: 58/70 MP: 6/9
  7271 | D:7      | Reached skill level 12 in Long Blades
  7297 | D:7      | XOM: polymorph water moccasin -> steam dragon
  7515 | D:7      | XOM: 1-stop teleportation journey
  7543 | D:7      | XOM: god gift: wand of mindburst (5)
  7850 | D:8      | XOM: 1-stop teleportation journey
  7862 | D:8      | XOM: noise
  8022 | D:8      | XOM: polymorph gnoll bouda -> steam dragon
  8049 | D:8      | XOM: summons friendly ufetubus
  8056 | D:8      | XOM: cleaving
  8255 | D:8      | XOM: give mutations
  8255 | D:8      | Gained mutation: You are partially covered in iridescent
                  | scales. (AC +2) [Xom's mischief]
  8255 | D:8      | Gained mutation: You are frail. (-10% HP) [Xom's mischief]
  8257 | D:8      | Reached skill level 13 in Long Blades
  8425 | D:8      | XOM: blink monster(s)
  8432 | D:8      | XOM: confuse monster(s)
  8544 | D:8      | Reached XP level 10. HP: 70/71 MP: 8/10
  8576 | D:8      | XOM: smoke on damage
  9077 | D:8      | XOM is BORED!
  9077 | D:8      | XOM: give mutation
  9077 | D:8      | Gained mutation: You are weak. (Str -2) [Xom's mischief]
  9294 | D:8      | XOM: give mutation
  9294 | D:8      | Gained mutation: You sometimes lose the ability to read
                  | scrolls when taking damage. [Xom's mischief]
  9519 | D:8      | Found a glowing silver altar of Zin.
  9661 | D:8      | XOM: scenery: summon butterflies
  9677 | D:8      | XOM: swap monsters
  9699 | D:8      | XOM: smoke on damage
  9966 | D:8      | XOM: 4-stop teleportation journey
  9994 | D:8      | XOM: give mutations
  9994 | D:8      | Gained mutation: Your flesh is heat resistant. (rF+) [Xom's
                  | mischief]
  9994 | D:8      | Lost mutation: Your flesh is heat resistant. (rF+) [Xom's
                  | mischief]
  9994 | D:8      | Gained mutation: You are very weak. (Str -4) [Xom's
                  | mischief]
  9994 | D:8      | Lost mutation: You are partially covered in iridescent
                  | scales. (AC +2) [Xom's mischief]
 10058 | D:8      | XOM: give mutation
 10058 | D:8      | Gained mutation: You have hidden genetic potential. [Xom's
                  | grace]
 10447 | D:9      | XOM: 1-stop teleportation journey
 10456 | D:9      | XOM: summons 3 hostile demons
 10461 | D:9      | XOM: enchant monster (good)
 10465 | D:9      | Reached skill level 14 in Long Blades
 10483 | D:9      | XOM: blink monster(s)
 10692 | D:9      | Found a hazy altar of Hepliaklqana.
 10727 | D:9      | Noticed a five-headed hydra
 10874 | D:10     | Entered Level 10 of the Dungeon
 10874 | D:10     | XOM: noise
 10875 | D:10     | XOM: chaos upgrade
 10882 | D:10     | Noticed a soul eater
 10883 | D:10     | Reached skill level 1 in Dodging
 10883 | D:10     | Reached skill level 1 in Stealth
 10883 | D:10     | Reached skill level 1 in Evocations
 10887 | D:10     | Noticed Psyche
 11165 | D:9      | XOM: give mutation
 11165 | D:9      | Gained mutation: You are very dopey. (Int -4) [Xom's
                  | mischief]
 11183 | D:9      | XOM: smoke on damage
 11352 | D:9      | Noticed Erolcha
 11352 | D:9      | Noticed a two-headed ogre
 11385 | D:10     | XOM: polymorph yak -> golden eye
 11386 | D:10     | Noticed a two-headed ogre
 11395 | D:9      | XOM: smoke on damage
 11545 | D:9      | XOM: stat loss: -1 Int (8/9)
 11651 | D:9      | a five-headed hydra changed into an alligator
 11651 | D:9      | Noticed an alligator
 11651 | D:9      | XOM: polymorph five-headed hydra -> alligator
 11654 | D:9      | XOM: enchant monster (good)
 11658 | D:9      | Killed an alligator
 11670 | D:9      | XOM: cleaving
 11676 | D:9      | Killed Erolcha
 11714 | D:9      | XOM: give mutations
 11714 | D:9      | Lost mutation: You are frail. (-10% HP) [Xom's mischief]
 11714 | D:9      | Gained mutation: Your body sometimes deteriorates upon
                  | taking damage. [Xom's mischief]
 11714 | D:9      | Lost mutation: You sometimes lose the ability to read
                  | scrolls when taking damage. [Xom's mischief]
 11714 | D:9      | Lost mutation: You are very dopey. (Int -4) [Xom's
                  | mischief]
 11779 | D:9      | XOM: silly message
 11790 | D:9      | XOM: swap monsters
 11795 | D:9      | XOM: silly message
 11798 | D:9      | Reached XP level 11. HP: 82/90 MP: 9/11
 11838 | D:9      | Killed a two-headed ogre
 11839 | D:9      | Reached skill level 5 in Armour
 11850 | D:9      | Gained mutation: Your flesh is heat resistant. (rF+)
                  | [hidden potential]
 11856 | D:9      | XOM: enchant monster (bad)
 12175 | D:9      | XOM: potion effect (might)
 12411 | D:10     | XOM: cast spell 'Summon Small Mammal'
 12423 | D:9      | Reached skill level 5 in Fighting
 12481 | D:10     | Killed Psyche
 12484 | D:10     | XOM: divination: detect creatures
 12582 | D:10     | Found a staircase to the Lair.
 12588 | D:10     | Reached skill level 5 in Stealth
 12610 | D:10     | Killed a two-headed ogre
 12847 | D:10     | Noticed a two-headed ogre
 12851 | D:10     | XOM: divination: magic mapping
 12857 | D:10     | XOM: noise
 12859 | D:10     | Killed a two-headed ogre
 12951 | D:10     | Noticed a fire dragon
 12951 | D:10     | Noticed a centaur warrior
 13153 | D:10     | Reached skill level 5 in Evocations
 13399 | D:9      | XOM: divination: detect creatures
 13503 | D:9      | XOM: divination: detect items
 13701 | D:10     | XOM: enchant monster (bad)
 13708 | D:10     | XOM: stat loss: -1 Str (13/14)
 13875 | D:11     | Noticed a boulder beetle
 13886 | D:11     | Killed a boulder beetle
 13920 | D:11     | Found a staircase to the Orcish Mines.
 13951 | D:11     | Noticed Snorg
 13956 | D:11     | XOM: repel stairs
 13957 | D:11     | XOM: confusion
 13967 | D:11     | Killed Snorg
 13991 | D:11     | Identified the +1 scale mail of Fanaticism {-Tele +Inv
                  | Str+4}
 14097 | D:11     | XOM: give mutations
 14097 | D:11     | Gained mutation: You are frail. (-10% HP) [Xom's mischief]
 14097 | D:11     | Gained mutation: You occasionally lose the ability to drink
                  | potions when taking damage. [Xom's mischief]
 14128 | D:11     | Noticed a deep elf pyromancer
 14135 | D:11     | Killed a deep elf pyromancer
 14220 | D:11     | XOM: god gift: wand of iceblast (3)
 14254 | D:11     | XOM: give mutation
 14254 | D:11     | Gained mutation: You are strong-willed. (Will+) [Xom's
                  | grace]
 14349 | D:11     | XOM: fake destruction
 14358 | D:11     | Reached XP level 12. HP: 84/94 MP: 9/12
 14595 | Lair:1   | Entered Level 1 of the Lair of Beasts
 14645 | Lair:1   | XOM: scenery: create altars
 14659 | Lair:1   | XOM: give mutations
 14659 | Lair:1   | Gained mutation: You possess an exceptional clarity of
                  | mind. [Xom's mischief]
 14659 | Lair:1   | Lost mutation: You occasionally lose the ability to read
                  | scrolls when taking damage. [Xom's mischief]
 14837 | Lair:1   | Noticed a death yak
 14856 | D:10     | Gained mutation: You have a pair of small horns on your
                  | head. [hidden potential]
 14856 | D:10     | Lost mutation: You have hidden genetic potential. [hidden
                  | potential expressed]
 14931 | D:10     | Reached skill level 5 in Dodging
 15226 | D:10     | XOM: swap monsters
 15226 | D:10     | Slain by a cane toad

Illustrated notes

Levels and vault maps discovered:
D:1:      dpeg_arrival_radiant, layout_loops_ring
D:2:      layout_basic, shapermc_ecumenical_altar_ellora, minivault_4
D:3:      layout_loops_ring, nicolae_overflow_hidden_temple,
          gup_sewer_entry_bowl
D:4:      black_bear_nest_2, layout_rooms, amcnicky_altar_gilded, serial_curves,
          eino_curves_01, eino_curves_03, small_statue_intersection
D:5:      layout_cave_pools, mainiacjoe_overflow_six_doors_small,
          minmay_temple_entry_metal_lava
D:6:      layout_cave_pods, lemuel_crystal_altar
D:7:      layout_loops_corners
D:8:      layout_basic, lemuel_tele_altar
D:9:      layout_roguey, kennysheep_mini, amcnicky_mini_pool_small,
          minmay_misc_feat_roman, kennysheep_generic_room_9, uniq_erolcha
D:10:     layout_long_grid, grunt_lair_entry_orc_guard_hut,
          lightli_corner_chamber, uniq_psyche
D:11:     layout_cave_pools, orc_0_dummy, uniq_snorg
Lair:1:   layout_chaotic_city, grunt_megastairs_4

Skill      XL: |  1  2  3  4  5  6  7  8  9 10 11 12 |
---------------+-------------------------------------+-----
Long Blades    | 3 4 5 6 7 9 11 13 14 | 14.0
Translocations | 1 |  1.2
Fighting       | 4 6 |  6.8
Dodging        | 2 4 5 |  5.0
Stealth        | 3 7 |  7.8
Evocations     | 3 5 |  5.0
Armour         | 4 5 |  5.0

Action                   |  1- 3 |  4- 6 |  7- 9 | 10-12 || total
-------------------------+-------+-------+-------+-------++-------
Melee: Falchion          |    98 |   207 |    82 |    30 ||   417
       Tailslap          |    10 |    19 |    55 |    87 ||   171
       Dagger            |     1 |       |     1 |    45 ||    47
       Punch             |       |     2 |     3 |     7 ||    12
       Long sword        |       |       |   243 |       ||   243
       Great sword       |       |       |    54 |   103 ||   157
       Scimitar          |       |       |       |   277 ||   277
       Unarmed           |       |       |       |     4 ||     4
       Headbutt          |       |       |       |     3 ||     3
 Fire: Sling             |     4 |       |       |       ||     4
Throw: Dart              |       |       |     1 |    17 ||    18
Evoke: Piece from Xom's  |       |       |     1 |     5 ||     6
       Wand              |       |       |       |     3 ||     3
  Use: Scroll            |     1 |     2 |     4 |     4 ||    11
       Potion            |       |     5 |     1 |     5 ||    11
 Stab: Paralysed         |     1 |       |       |     4 ||     5
       Sleeping          |     4 |       |     5 |     8 ||    17
       Distracted        |       |       |     1 |     4 ||     5
       Invisible         |       |       |       |     4 ||     4
       Confused          |       |       |       |     3 ||     3
       Petrified         |       |       |       |     2 ||     2
       Petrifying        |       |       |       |     1 ||     1
Armor: Leather armour    |    39 |    99 |    32 |       ||   170
       Ring mail         |       |       |   174 |   170 ||   344
Dodge: Dodged            |    35 |   128 |   164 |   167 ||   494
Block: Buckler           |       |       |       |     3 ||     3

Table legend: (Time is in decaauts)
 A = Elapsed time spent in this place.
 B = Non-inter-level travel time spent in this place.
 C = Inter-level travel time spent in this place.
 D = Time resting spent in this place.
 E = Time spent auto-exploring this place.
 F = Levels seen in this place.
 G = Mean time per level.
                   A        B        C        D        E       F      G
               +--------+--------+--------+--------+--------+-----+--------+
         Total |  15119 |  14476 |    643 |   2796 |   8536 |  13 | 1163.0 |
       Dungeon |  13647 |  13005 |    642 |   2383 |   7950 |  11 | 1240.6 |
          Lair |    273 |    273 |      0 |     92 |     74 |   1 |  273.0 |
         Sewer |   1197 |   1197 |      0 |    321 |    512 |   1 | 1197.0 |
               +--------+--------+--------+--------+--------+-----+--------+

Top non-repeatable levels by time:
     D:8: 2326 daAuts
     D:9: 2116 daAuts
     D:6: 1629 daAuts
    D:10: 1549 daAuts
     D:7: 1239 daAuts
   Sewer: 1197 daAuts
     D:3: 1067 daAuts
     D:5: 923 daAuts
     D:1: 822 daAuts
     D:2: 694 daAuts
    D:11: 675 daAuts
     D:4: 601 daAuts
  Lair:1: 273 daAuts
